 Dungeon Crawl Stone Soup version 0.30-a0-777-ga9a30cbeda (webtiles) character file.

Game seed: 13977571587395358399

62 Esekla the Sneak (level 4, 24/24 HPs)
             Began as a Vine Stalker Delver on Feb 14, 2023.
             Quit the game in the Ecumenical Temple.
             The game lasted 00:02:21 (404 turns).

Esekla the Sneak (Vine Stalker Delver)               Turns: 404, Time: 00:02:22

Health: 24/24      AC:  3    Str: 14    XL:     4   Next: 8%
Magic:  7/7        EV: 12    Int: 12    God:
Gold:   4          SH:  0    Dex: 16    Spells: 6/6 levels left

rFire   . . .      SeeInvis .    a - +0 falchion
rCold   . . .      Faith    .    (no shield)
rNeg    . . .      Spirit   +    b - +0 leather armour
rPois   .          Reflect  .    (no helmet)
rElec   .          Harm     .    (no cloak)
rCorr   .          Rampage  .    (no gloves)
Will    .....                    (no boots)
Stlth   +++                      (no amulet)
HPRegen 1.04/turn                (no ring)
MPRegen 0.10/turn                (no ring)

@: no status effects
A: fangs 2, regeneration 1, magic shield, antimagic bite, no potion heal 2
a: no special abilities


You were in the Ecumenical Temple.
You visited 2 branches of the dungeon, and saw 3 of its levels.

You collected 4 gold pieces.

Inventory:

Hand Weapons
 a - a +0 falchion (weapon)
Armour
 b - a +0 leather armour (worn)
Wands
 g - a wand of digging (3)
Scrolls
 c - a scroll of fog
 e - a scroll of fear
Potions
 f - a potion of haste


   Skills:
 * Level 3.4 Fighting
 * Level 2.4 Long Blades
 + Level 0.2 Armour
 + Level 1.7 Dodging
 - Level 6.0 Stealth
 * Level 1.5 Spellcasting


You had 6 spell levels left.
You didn't know any spells.
Your spell library contained the following spells:

 Spells                   Type           Power      Damage    Failure   Level
 Dazzling Flash           Conj/Hex       0%         N/A       73%         3
 Iskenderun's Mystic Bla  Conj/Tloc      0%         2d3       98%         4
 Starburst                Conj/Fire      0%         6d3       100%        6


Dungeon Overview and Level Annotations

Branches:
Dungeon (6/15)             Temple (1/1) D:6

Altars:
Ashenzari
Cheibriados
Dithmenos
Elyvilon
Fedhas
Gozag
Hepliaklqana
Kikubaaqudgha
Nemelex Xobeh
Okawaru
Qazlal
Ru
Sif Muna
Trog
Uskayaw
Wu Jian
Yredelemnul

Shops:
D:5 :   D:6 *

Annotations:
D:6 Dowan, Duvessa


Innate Abilities, Weirdness & Mutations

You have extremely sharp teeth.
Your natural rate of healing is unusually fast.
When hurt, damage is shared between your health and your magic reserves.
Your bite disrupts and absorbs the magic of your enemies.
Potions cannot restore your health.


Message History

You open the gate.
Found a white marble altar of Elyvilon.
You open the gate.
Found a broken altar of Ashenzari.
You open the gate.
There is an open gate here.
You open the gate.
Found a shadowy altar of Dithmenos.
You open the gate.
Found an ornate altar of the Wu Jian Council.
There is an open gate here.
There is an open gate here.
There is an open gate here.
Found a blossoming altar of Fedhas.
There is an open gate here.
There is an open gate here.
There is an open gate here.
You open the gate.
Found a sacrificial altar of Ru.
You open the gate.
Found a sparkling altar of Nemelex Xobeh.
You open the gate.
There is an open gate here.
You open the gate.
Found a bloodstained altar of Trog.
You open the gate.
Found a snail-covered altar of Cheibriados.
You open the gate.
Found an opulent altar of Gozag.
As you open the gate, it creaks loudly!
Found a stormy altar of Qazlal.
You open the gate.
There is an open gate here.
You open the gate.
Found a hazy altar of Hepliaklqana.
You open the gate.
Found an ancient bone altar of Kikubaaqudgha.
Search for what [? for help]?
Vehumet Can't find anything matching that.
Are you sure you want to abandon this character and quit the game? (Confirm with "yes".)

#...#...#...#####
#...#..##..........#
#...#.##...........#
#._.###............#
# ##.....#####...#
##.....##...'...#
##.....##.._.'...#
##.....##.....'...#
##.....#########@..#
#.....## ......'...#
.....## _.....'...#
....## ......'...#
...## ########...#
..## .......'...#
.## .......'...#
..## .......'...#
...## ########...#


There were no monsters in sight!

Vanquished Creatures
  2 hounds
2 creatures vanquished.

Notes
Turn   | Place    | Note
-------+----------+-------------------------------------------
     0 | D:5      | Esekla the Vine Stalker Delver began the quest for the Orb.
     0 | D:5      | Reached XP level 1. HP: 11/11 MP: 2/2
     5 | D:5      | Noticed a hound
    16 | D:5      | Noticed a hound
    33 | D:5      | Killed a hound
    34 | D:5      | Reached skill level 1 in Spellcasting
    34 | D:5      | Reached XP level 2. HP: 5/16 MP: 1/4
    34 | D:5      | Reached XP level 3. HP: 6/20 MP: 1/5
    87 | D:5      | Noticed a scorpion
    98 | D:6      | Found Geoneu's General Store.
   116 | D:6      | Gained mutation: Your natural rate of healing is unusually
                  | fast. [Vine Stalker growth]
   116 | D:6      | Reached XP level 4. HP: 16/24 MP: 3/7
   128 | D:6      | Found a staircase to the Ecumenical Temple.
   129 | D:6      | Noticed Dowan
   131 | D:6      | Noticed Duvessa
   134 | Temple   | Entered the Ecumenical Temple
   404 | Temple   | Quit the game

Illustrated notes

Levels and vault maps discovered:
D:5:      cheibrodos_fertilizer, layout_cave_pools, serial_shops,
          nicolae_shop_waterfront, hangedman_glass_teeth
D:6:      layout_rooms, minmay_temple_entry_offerings, serial_shops, shop,
          uniq_duvessa
Temple:   mainiacjoe_temple_big_plus

Skill      XL: |  1 |
---------------+----+-----
Fighting       | 3 |  3.4
Long Blades    | 2 |  2.4
Spellcasting   | 1 |  1.5
Armour         | |  0.2
Dodging        | |  1.7
Stealth        | |  6.0

Action                     |  1- 3 |  4- 6 || total
---------------------------+-------+-------++-------
  Melee: Falchion          |    16 |       ||    16
         Punch             |     2 |       ||     2
         Bite              |     4 |       ||     4
    Use: Scroll            |     1 |       ||     1
 Armour: Leather armour    |     2 |       ||     2
  Dodge: Dodged            |    10 |       ||    10

Table legend: (Time is in decaauts)
 A = Elapsed time spent in this place.
 B = Non-inter-level travel time spent in this place.
 C = Inter-level travel time spent in this place.
 D = Time resting spent in this place.
 E = Time spent auto-exploring this place.
 F = Levels seen in this place.
 G = Mean time per level.
                   A        B        C        D        E       F      G
               +--------+--------+--------+--------+--------+-----+--------+
         Total |    407 |    407 |      0 |     54 |    267 |   3 |  135.7 |
       Dungeon |    138 |    138 |      0 |     54 |      0 |   2 |   69.0 |
        Temple |    269 |    269 |      0 |      0 |    267 |   1 |  269.0 |
               +--------+--------+--------+--------+--------+-----+--------+

Top non-repeatable levels by time:
  Temple: 269 daAuts
     D:5: 99 daAuts
     D:6: 38 daAuts
